 Dungeon Crawl Stone Soup version 0.19-a0-1875-g4fea3da (webtiles) character file.

50 jerryfan the Magician (level 3, 0/26 HPs)
             Began as a Draconian Wizard on Oct 13, 2016.
             Slain by a gnoll
             ... wielding a +0 halberd
              (11 damage)
             ... on level 2 of the Dungeon.
             The game lasted 00:09:53 (1660 turns).

jerryfan the Magician (Draconian Wizard)            Turns: 1660, Time: 00:09:53

Health: 0/26       AC:  5    Str:  9    XL:     3   Next: 55%
Magic:  2/8        EV: 14    Int: 19    God:
Gold:   66         SH:  0    Dex:  9    Spells: 3 memorised, 4 levels left

rFire  . . .     SeeInvis .     i - +0 dagger
rCold  . . .     Gourm    .     (armour unavailable)
rNeg   . . .     Faith    .     (no shield)
rPois  .         Spirit   .     a - +0 hat
rElec  .         Dismiss  .     (no cloak)
rCorr  .         Reflect  .     (no gloves)
MR     .....     Harm     .     (no boots)
Stlth  ++........               (no amulet)
                                (no ring)
                                n - +2 ring of evasion

@: no status effects
A: unfitting armour, cold-blooded, AC +5
a: no special abilities


You were on level 2 of the Dungeon.
You were hungry.

You visited 1 branch of the dungeon, and saw 2 of its levels.

You collected 66 gold pieces.

Inventory:

Hand Weapons
 i - a +0 dagger (weapon)
Missiles
 g - 6 javelins of returning (quivered)
Armour
 a - a +0 hat (worn)
Jewellery
 n - a +2 ring of evasion (left hand)
Scrolls
 e - a scroll of enchant armour {unknown}
 f - 2 scrolls of teleportation {unknown}
 h - 2 scrolls of random uselessness {unknown}
 o - a scroll of remove curse {unknown}
 p - 2 scrolls of fog {unknown}
 r - a scroll of identify
Potions
 j - a potion of heal wounds {unknown}
 k - 2 potions of curing
 l - a potion of berserk rage {unknown}
 m - a potion of invisibility {unknown}
Books
 b - a book of Minor Magic

   Spells                             Type                      Level
   a - Magic Dart                     Conjuration                  1
   b - Blink                          Translocation                2
   c - Call Imp                       Summoning                    2
   d - Repel Missiles                 Charms/Air                   2
   e - Slow                           Hexes                        2
   f - Conjure Flame                  Conjuration/Fire             3
   g - Mephitic Cloud                 Conjuration/Poison/Air       3
Comestibles
 c - a bread ration
 d - 2 slices of pizza
 q - 2 chunks of flesh
 s - 4 fruits


   Skills:
 + Level 0.8 Throwing
 + Level 2.0 Dodging
 + Level 2.0 Stealth
 + Level 3.6 Spellcasting
 + Level 1.5 Conjurations
 + Level 1.3 Summonings
 + Level 1.0 Translocations


You had 4 spell levels left.
You knew the following spells:

 Your Spells              Type           Power        Failure   Level  Hunger
a - Magic Dart            Conj           #...         10%         1    None
b - Blink                 Tloc           N/A          17%         2    ##.....
c - Call Imp              Summ           #.......     14%         2    ##.....


Dungeon Overview and Level Annotations

Branches:
Dungeon (2/15)

Altars:


Innate Abilities, Weirdness & Mutations

Your plain brown scales are hard. (AC +5)
You cannot fit into any form of body armour.
You are cold-blooded and may be slowed by cold attacks.


Message History

Attack!
You are feeling hungry.
You feel sick.
Your crimson imp barely misses the gnoll.
The gnoll completely misses you.
The frilled lizard suddenly unfolds its giant frill!
The frilled lizard bites you but does no damage.
Your crimson imp blinks!
Your crimson imp misses the gnoll.
It was a potion of curing.
You feel better.
Your crimson imp closely misses the gnoll.
The frilled lizard closely misses you.
The gnoll hits you from afar with a halberd.
Your crimson imp hits the gnoll but does no damage.
Your crimson imp hits the gnoll.
The frilled lizard bites you but does no damage.
Your crimson imp barely misses the gnoll.
You see here 15 stones.
The gnoll hits you from afar with a halberd!
You die...

##...##### #.#
#........# #.##
#........####..###
#.<..............#
#........#.#)#.#.#
#..5)5...........#
#...g....#รท#.#.#.#
#....l...........#
######....(@..#.#.#.#.#
...........#..5........#
#########..#(.#.#.#.#..#
....#.(.........#
####.#...###.###.#
#.#.#.# .# #.#.#.# #
..#.#.# ##.#..


You could see a gnoll, a frilled lizard and 3 friendly crimson imps.

Vanquished Creatures
  2 oozes
  A dart slug (D:1)
  3 bats
  3 giant cockroaches (D:1)
  2 hobgoblins
  3 kobolds (D:1)
  A ball python (D:2)
  9 goblins
  5 rats
29 creatures vanquished.

Vanquished Creatures (collateral kills)
  An adder (D:2)
  An ooze (D:1)
2 creatures vanquished.

Grand Total: 31 creatures vanquished

Notes
Turn   | Place    | Note
-------+----------+-------------------------------------------
     0 | D:1      | jerryfan the Draconian Wizard began the quest for the Orb.
     0 | D:1      | Reached XP level 1. HP: 14/14 MP: 4/4
   251 | D:1      | Reached XP level 2. HP: 11/20 MP: 0/6
   409 | D:1      | Learned a level 2 spell: Blink
   412 | D:1      | Learned a level 2 spell: Call Imp
  1150 | D:1      | Reached XP level 3. HP: 26/26 MP: 5/8
  1660 | D:2      | Slain by a gnoll

Vault maps used:
D:1:      dpeg_cavernosity, serial_curves, eino_curves_03, eino_curves_03,
          eino_curves_04
D:2:      serial_glass, glass_columns_b, glass_columns_b, glass_columns_c,
          glass_columns_b, glass_columns_b, glass_columns_b, glass_columns_a,
          glass_columns_a, uniq_jessica

Skill      XL: |  1  2 |
---------------+-------+-----
Stealth        | 2 |  2.0
Dodging        | 2 |  2.0
Throwing       | |  0.8
Spellcasting   | |  3.6
Conjurations   | |  1.5
Summonings     | |  1.3
Translocations | |  1.0

Action                   || total
-------------------------++-------
Melee: Unarmed           ||     7
       Dagger            ||    64
       Tailslap          ||    10
Throw: Javelin           ||    12
 Cast: Magic Dart        ||    51
       Call Imp          ||     6
  Use: Scroll            ||     2
       Potion            ||     1
  Eat: Chunk             ||     2
Armor: Skin              ||    35
Dodge: Dodged            ||    64
